AoeStats
← GoldPhantom

Black Forest

507906794Analyzed
2v2 RM · 13d ago on Sep 20, 2026· 62m 34s· 4 players
Game mode
Random Map
Map size
Medium (4 player)
Population
200
Speed
Normal
Resources
Standard
Victory
Conquest
Starting age
Dark Age
Ending age
Imperial Age
RankedLock teamsTeams togetherTeam positionsShared explorationLock speedFull tech treeHidden civsTurbo modeCheats
Victory
Defeat
🇵🇱 Khmer · Poland
931
+14
🇵🇱 Vietnamese · Poland
930
+14
🇨🇱 Sicilians · Chile
882
-31
🇭🇰 Lithuanians · Hong Kong SAR China
881
-14
GoldPhantom
0:34 Loom
15:04 Feudal Age
15:40 Double-Bit Axe
20:14 Castle Age
20:25 Horse Collar
21:43 Wheelbarrow
29:50 Husbandry
30:01 Bloodlines
29:40 Town Watch
30:18 Bow Saw
32:55 Forging
32:51 Scale Barding Armor
32:37 Fletching
34:01 Hand Cart
35:29 Heavy Plow
38:34 Imperial Age
37:25 Iron Casting
37:13 Chain Barding Armor
37:23 Padded Archer Armor
37:17 Gold Mining
37:21 Stone Mining
39:15 Town Patrol
39:10 Onager
40:50 Conscription
40:06 Cavalier
41:10 Guilds
41:59 Bodkin Arrow
kao3385
0:38 Loom
13:18 Feudal Age
18:31 Double-Bit Axe
18:29 Horse Collar
25:57 Castle Age
27:14 Scale Mail Armor
27:25 Forging
28:51 Heavy Plow
31:21 Bow Saw
32:34 Stone Mining
32:38 Gold Mining
33:20 Chain Mail Armor
33:06 Fletching
33:17 Padded Archer Armor
34:41 Wheelbarrow
36:52 Stone Shaft Mining
37:00 Gold Shaft Mining
36:50 Hand Cart
41:07 Iron Casting
40:28 Bodkin Arrow
40:50 Leather Archer Armor
46:29 Scale Barding Armor
51:12 Imperial Age
49:58 Elite Skirmisher
50:02 Pikeman
50:42 Squires
50:28 Arson
53:24 Bracer
54:25 Blast Furnace
53:35 Halberdier
60:25 Masonry
61:44 Ballistics
MrPyszcz
1:11 Loom
12:24 Feudal Age
18:20 Castle Age
16:42 Double-Bit Axe
16:39 Horse Collar
21:31 Bow Saw
24:16 Stone Mining
27:04 Fletching
29:40 Heavy Plow
30:12 Bodkin Arrow
30:29 Forging
34:23 Imperial Age
31:41 Town Watch
33:39 Wheelbarrow
33:08 Town Patrol
33:58 Iron Casting
33:33 Scale Barding Armor
33:30 Scale Mail Armor
33:55 Chatras
34:07 Caravan
34:54 Hand Cart
34:49 Gold Mining
35:37 Stone Shaft Mining
35:04 Padded Archer Armor
36:31 Chemistry
35:52 Ballistics
35:14 Treadmill Crane
35:30 Murder Holes
35:53 Fortified Wall
36:45 Bracer
37:03 Leather Archer Armor
37:04 Chain Mail Armor
37:10 Chain Barding Armor
38:41 Paper Money
38:39 Siege Engineers
39:29 Crop Rotation
40:05 Two-Man Saw
39:42 Ring Archer Armor
40:27 Hoardings
40:05 Pikeman
40:45 Squires
41:39 Thumb Ring
40:54 Crossbowman
41:56 Elite Skirmisher
41:58 Arbalester
42:42 Man-at-Arms
44:24 Plate Mail Armor
44:30 Plate Barding Armor
44:12 Imperial Skirmisher
44:38 Long Swordsman
quan
8:08 Loom
11:56 Feudal Age
16:49 Castle Age
18:40 Horse Collar
18:53 Double-Bit Axe
20:08 Wheelbarrow
20:04 Stone Mining
20:18 Gold Mining
22:54 Bow Saw
25:12 Ballistics
25:08 Heavy Plow
25:29 Fletching
25:45 Scale Barding Armor
27:16 Hand Cart
29:01 Gold Shaft Mining
32:28 Imperial Age
30:39 Bodkin Arrow
30:45 Padded Archer Armor
31:08 Murder Holes
31:42 Caravan
32:48 Stone Shaft Mining
32:04 Town Watch
32:39 Elite Ballista Elephant
33:44 Conscription
33:32 Double Crossbow
34:00 Bracer
34:15 Leather Archer Armor
34:08 Capped Ram
35:46 Siege Ram
37:13 Ring Archer Armor
37:05 Chain Barding Armor
38:09 Husbandry
38:20 Bloodlines
39:33 Plate Barding Armor
39:09 Forging
40:07 Chemistry
39:18 Masonry
39:14 Siege Engineers
61:22 Town Patrol
61:24 Scale Mail Armor
62:00 Iron Casting
Connection lost

Rejoining the realm…

Still unreachable

The connection could not be restored.

Session expired

The server has moved on; the page needs a fresh start.